 Dungeon Crawl Stone Soup version 0.31-a0-940-gdaa99269f9 (webtiles) character file.

Game seed: 7811721718275130402

174 kae the Chopper (level 5, -4/45 HPs)
             Began as a Hill Orc Fighter on Oct 20, 2023.
             Slain by an ogre
             ... wielding a +0 giant club
              (18 damage)
             ... on level 4 of the Dungeon.
             The game lasted 00:02:19 (3233 turns).

kae the Chopper (Hill Orc Fighter)                  Turns: 3233, Time: 00:02:19

Health: -4/45      AC: 10    Str: 21    XL:     5   Next: 54%
Magic:  5/5        EV:  7    Int:  8    God:
Gold:   55         SH:  4    Dex: 10    Spells: 4/4 levels left

rFire   . . .        a - +0 war axe
rCold   . . .        c - +0 buckler
rNeg    . . .        g - +1 chain mail
rPois   .            (no helmet)
rElec   .            (no cloak)
rCorr   .            (no gloves)
SInv    .            (no boots)
Will    .....        (no amulet) Stlth
                     L - ring of flight
HPRegen 0.27/turn    (no ring)
MPRegen 0.09/turn

%: no passive effects
@: flying
A: no striking features
a: no special abilities


You were on level 4 of the Dungeon.
You visited 1 branch of the dungeon, and saw 4 of its levels.

You collected 166 gold pieces.
You spent 111 gold pieces at shops.


   Skills:
 - Level 3.6 Fighting
 + Level 7.4 Axes
 - Level 3.2 Armour
 - Level 3.2 Shields


You had 4 spell levels left.
You didn't know any spells.
Your spell library contained the following spells:

 Spells                   Type           Power      Damage    Failure   Level
 Apportation              Tloc           0%         N/A       98%         1
 Necrotise                Necr           0%         1d4       98%         1
 Summon Small Mammal      Summ           0%         N/A       98%         1

Inventory:

Hand Weapons
 a - a +0 war axe (weapon)
Missiles
 f - 37 stones
 n - a throwing net {=f!f}
 r - 3 poisoned darts
Armour
 b - a +0 scale mail
 c - a +0 buckler (worn)
 g - a +1 chain mail (worn)
   (You found it on level 1 of the Dungeon)
Jewellery
 L - a ring of flight (left hand)
   (You found it on level 2 of the Dungeon)
Scrolls
 j - a scroll of immolation {!r!r}
 l - a scroll of silence {!r}
 m - a scroll of poison {!r}
 o - a scroll of enchant armour
 s - a scroll of teleportation {@r4}
Potions
 d - 2 potions of might
 e - 2 potions of heal wounds {@q2}
 h - 2 potions of enlightenment {unknown}
 i - 2 potions of curing {@q1}
 k - a potion of cancellation {unknown}
 p - 2 potions of lignification {!q}
 q - a potion of berserk rage {unknown}
 t - a potion of invisibility

Dungeon Overview and Level Annotations

Branches:
Dungeon (4/15) Zot: 20705
 Temple: D:4-7

Altars:
Wu Jian
Yredelemnul

Shops:
D:1 ! D:3

(* ### #.. # #=#
# #.# #
#######.####.#
####
#.....?.@O...#
...#
#..####.###..#
##.######...###.#
#
....#.........#.#
##..#.###...#.#..
##..#.###..##.###
##.....[...# .#
###.#.####.##.#
###.#....)....#


You could see an ogre.


Message History

Done exploring.
No target in view!
No target in view!
Done exploring.
No target in view!
No target in view!
Done exploring.
There is an open door here.
As you open the door, it creaks loudly!
As you read the scroll labelled TEUTTOLAHY, it crumbles to dust.
The air around you briefly surges with heat, but it dissipates.
It was a scroll of immolation.
Unknown command.
As you read the scroll of identify {@r1}, it crumbles to dust.
t - a potion of invisibility Done exploring.
Done exploring.
Done exploring.
No target in view!
No target in view!
Done exploring.
There is an open door here.
There is a stone staircase leading down here.
You fly downwards.
The hobgoblin shouts!
You hear a shout!
There is a stone staircase leading up here.
A hobgoblin is nearby!
Okay, then.
A hobgoblin is nearby!
A hobgoblin is nearby!
You hit the hobgoblin but do no damage. The hobgoblin barely misses you.
A hobgoblin is nearby!
You slash the hobgoblin!
You kill the hobgoblin!
A hobgoblin comes into view.
A hobgoblin is nearby!
You block the hobgoblin's attack.
You slash the hobgoblin!
You kill the hobgoblin!
You see here a hobgoblin corpse.
You now have 42 gold pieces (gained 15).
A kobold comes into view. It is wielding a +0 short sword.
The kobold shouts!
The kobold hits you but does no damage.
A kobold is nearby!
You slice the kobold!!
You kill the kobold!
No target in view!
f - 37 stones (gained 1)
Things that are here:
a +0 short sword; a kobold corpse You now have enough gold to buy a +0 helmet on D:3.
You can access your shopping list by pressing '$'.
You now have 55 gold pieces (gained 13).
Key pressed, stopping explore.
No target in view!
No target in view!
No target in view!
No target in view!
q - a sedimented blue potion Key pressed, stopping explore.
No target in view!
No target in view!
No target in view!
No target in view!
h - 2 glowing inky potions (gained 1)
An ogre comes into view. It is wielding a +0 giant club.
The ogre shouts!
You see here a scroll labelled YJAIRI XOO.
An ogre is nearby!
The ogre hits you with a +0 giant club!!
Ouch! That really hurt!
* * * LOW HITPOINT WARNING * * *
You are too injured to fight recklessly! 😨 HP[-24]
You take 24 damage, and now have 21/45 hp.
MASSIVE DAMAGE!! (PAUSE)
You slash the ogre! The ogre hits you with a +0 giant club.
* * * LOW HITPOINT WARNING * * *
😨 HP[-5]
You take 5 damage, and now have 16/45 hp.
You hit the ogre.
Unknown command.
You barely miss the ogre. The ogre hits you with a +0 giant club.
* * * LOW HITPOINT WARNING * * *
😨 HP[-4]
You take 4 damage, and now have 12/45 hp.
Unknown command.
You hit the ogre but do no damage. The ogre barely misses you. 😨 HP[+1]
You hit the ogre but do no damage. You block the ogre's attack.
Unknown command.
You hit the ogre. The ogre closely misses you.
Unknown command.
You barely miss the ogre. 😨 HP[+1]
You completely miss the ogre. The ogre barely misses you.
You barely miss the ogre.
The ogre hits you with a +0 giant club!!
You die...

Skill      XL: |  1  2  3  4  5 |
---------------+----------------+-----
Axes           | 3 4 5 6 7 |  7.4
Fighting       | |  3.6
Armour         | |  3.2
Shields        | |  3.2

Action                     |  1- 3 |  4- 6 || total
---------------------------+-------+-------++-------
  Melee: War axe           |   106 |   132 ||   238
    Use: Scroll            |     1 |     6 ||     7
 Armour: Scale mail        |    38 |       ||    38
         Chain mail        |    33 |    83 ||   116
  Dodge: Dodged            |    41 |    38 ||    79
  Block: Buckler           |    29 |    26 ||    55

Levels and vault maps discovered:
D:1:      dpeg_arrival_chambers_temple_mockup, layout_basic, serial_shops,
          nicolae_shop_crystal, minmay_heptomino_d4
D:2:      layout_loops_cross, minmay_misc_feat_doors, serial_bayou_pond_d
D:3:      layout_loops_corners, lemuel_coloured_pillars_altar,
          mainiacjoe_overflow_24_doors, serial_shops, shop, shop,
          roderic_roman_lattice, st_stairs_4
D:4:      layout_loops_corners, minmay_temple_entry_fiery, serial_shops, shop,
          shop, nicolae_shop_behind_doors

Notes
Turn   | Place    | Note
-------+----------+-------------------------------------------
     0 | D:1      | kae the Hill Orc Fighter began the quest for the Orb.
     0 | D:1      | Reached XP level 1. HP: 19/19 MP: 1/1
     0 | D:1      | magus.rc [v1.11.3]
    22 | D:1      | Reached skill level 3 in Axes
    39 | D:1      | Reached XP level 2. HP: 16/26 MP: 2/2
    66 | D:1      | Reached skill level 4 in Axes
   281 | D:1      | Reached XP level 3. HP: 29/31 MP: 3/3
   582 | D:1      | Reached skill level 5 in Axes
   705 | D:1      | Found Hujuf's Distillery.
   709 | D:1      | Bought a potion of curing for 39 gold pieces
   710 | D:1      | You pick up a book of Cantrips and begin reading...
   710 | D:1      | You add the spells Necrotise, Summon Small Mammal and
                  | Apportation to your library.
  1088 | D:2      | Reached XP level 4. HP: 39/39 MP: 4/4
  1221 | D:2      | Reached skill level 6 in Axes
  1933 | D:1      | Bought a potion of lignification for 39 gold pieces
  2110 | D:3      | Found a basalt altar of Yredelemnul.
  2196 | D:3      | Reached XP level 5. HP: 45/45 MP: 5/5
  2201 | D:3      | Reached skill level 7 in Axes
  2634 | D:3      | Found Aletomu's Antique Weapon Shoppe.
  2659 | D:3      | Found an ornate altar of the Wu Jian Council.
  2833 | D:3      | Found Umyrph's General Store.
  2841 | D:3      | Bought a scroll of teleportation for 33 gold pieces
  3221 | D:4      | Noticed an ogre
  3233 | D:4      | Slain by an ogre

Vanquished Creatures
  A jelly (D:3)
  6 adders
  3 worms (D:2)
  2 dart slugs (D:1)
  5 bats
  7 endoplasms
  3 giant cockroaches
  8 goblins
  10 hobgoblins
  4 jackals (D:1)
  4 kobolds
  9 quokkas
  A ball python (D:1)
  3 frilled lizards
  6 rats
72 creatures vanquished.

Table legend:
 A = Non-vault XP
 B = Vault XP
 C = Vault XP percentage of total XP
 D = Non-vault monster count
 E = Vault monster count
 F = Vault count percentage of total count
                 A         B        C        D         E       F
            +---------+---------+-------+---------+---------+-------
      Total |     187 |      62 |  24.9 |      66 |       6 |   8.3
            +---------+---------+-------+---------+---------+-------
        D:1 |      48 |       6 |  11.1 |      25 |       4 |  13.8
        D:2 |     106 |       0 |   0.0 |      23 |       0 |   0.0
        D:3 |      28 |      56 |  66.7 |      15 |       2 |  11.8
        D:4 |       5 |       0 |   0.0 |       3 |       0 |   0.0
            +---------+---------+-------+---------+---------+-------

Skill      XL: |  1  2  3  4  5 |
---------------+----------------+-----
Axes           | 3 4 5 6 7 |  7.4
Fighting       | |  3.6
Armour         | |  3.2
Shields        | |  3.2

Action                     |  1- 3 |  4- 6 || total
---------------------------+-------+-------++-------
  Melee: War axe           |   106 |   132 ||   238
    Use: Scroll            |     1 |     6 ||     7
 Armour: Scale mail        |    38 |       ||    38
         Chain mail        |    33 |    83 ||   116
  Dodge: Dodged            |    41 |    38 ||    79
  Block: Buckler           |    29 |    26 ||    55

Illustrated notes

Table legend:
 A = Kills in this place as a percentage of kills in the entire game.
 B = Kills by you in this place as a percentage of kills by you in the entire game.
 C = Kills by friends in this place as a percentage of kills by friends in the entire game.
 D = Other kills in this place as a percentage of other kills in the entire game.
 E = Experience gained in this place as a percentage of experience gained in the entire game.
 F = Experience gained in this place divided by the number of levels of this place that you have seen.
                   A       B       C       D       E      F
               +-------+-------+-------+-------+-------+----------------------
         Total | 100.0 | 100.0 |   N/A |   N/A | 100.0 |  62.2
       Dungeon | 100.0 | 100.0 |   N/A |   N/A | 100.0 |  62.2
               +-------+-------+-------+-------+-------+----------------------

Table legend: (Time is in decaauts)
 A = Elapsed time spent in this place.
 B = Non-inter-level travel time spent in this place.
 C = Inter-level travel time spent in this place.
 D = Time resting spent in this place.
 E = Time spent auto-exploring this place.
 F = Levels seen in this place.
 G = Mean time per level.
                   A        B        C        D        E       F      G
               +--------+--------+--------+--------+--------+-----+--------+
         Total |   3293 |   2976 |    317 |     28 |   2444 |   4 |  823.2 |
       Dungeon |   3293 |   2976 |    317 |     28 |   2444 |   4 |  823.2 |
               +--------+--------+--------+--------+--------+-----+--------+

Top non-repeatable levels by time:
     D:1: 1291 daAuts
     D:3: 1113 daAuts
     D:2: 807 daAuts
     D:4: 80 daAuts
